 Dungeon Crawl Stone Soup version 0.30.0 (webtiles) character file.

Game seed: 17378160162744979674

233 HillOrc the Trooper (level 6, 0/56 HPs)
             Began as a Hill Orc Fighter on Nov 14, 2023.
             Slain by Pikel
             ... wielding a +1 whip of electrocution
              (14 damage)
             ... on level 5 of the Dungeon.
             The game lasted 00:02:17 (622 turns).

HillOrc the Trooper (Hill Orc Fighter)               Turns: 622, Time: 00:02:19

Health: 0/56       AC:  9    Str: 21    XL:     6   Next: 4%
Magic:  6/6        EV:  8    Int:  8    God:
Gold:   55         SH:  4    Dex: 10    Spells: 5/5 levels left

rFire   . . .        a - +0 war axe
rCold   . . .        c - +0 buckler
rNeg    . . .        h - +0 chain mail
rPois   .            (no helmet)
rElec   .            (no cloak)
rCorr   .            (no gloves)
SInv    .            (no boots)
Will    .....        (no amulet) Stlth
                     (no ring)
HPRegen 0.29/turn    (no ring)
MPRegen 0.10/turn

%: no passive effects
@: mighty
A: no striking features
a: no special abilities


You were on level 5 of the Dungeon.
You visited 1 branch of the dungeon, and saw 5 of its levels.

You collected 55 gold pieces.

Inventory:

Hand Weapons
 a - a +0 war axe (weapon)
Armour
 c - a +0 buckler (worn)
 h - a +0 chain mail (worn)
Scrolls
 e - a scroll of vulnerability {unknown}
 f - a scroll of fear {unknown}
 g - 2 scrolls of teleportation {unknown}


   Skills:
 + Level 5.5 Fighting
 + Level 4.8 Axes
 + Level 5.0 Armour
 - Level 3.2 Shields


You had 5 spell levels left.
You didn't know any spells.
Your spell library was empty.

Dungeon Overview and Level Annotations

Branches:
Dungeon (5/15)
 Temple: D:4-7

Altars:

Annotations:
D:5 Pikel


Message History

You can move again.
You barely miss Pikel.
Pikel is moderately wounded.
Pikel hits you with a +1 whip of electrocution.
You closely miss Pikel.
Pikel is moderately wounded.
Pikel hits you with a +1 whip of electrocution.
You hit Pikel.
Pikel is heavily wounded.
You block Pikel's attack.
Pikel hits you with a +1 whip of electrocution.
You closely miss Pikel.
Pikel is heavily wounded.
Pikel hits you but does no damage.
You are electrocuted!
You miss Pikel.
Pikel is heavily wounded.
Pikel barely misses you.
You hit Pikel but do no damage.
Pikel is heavily wounded.
Pikel hits you with a +1 whip of electrocution!
You slash Pikel!
Pikel is severely wounded.
Pikel zaps a wand.
You resist with some effort. Pikel hits you but does no damage.
You slash Pikel!
Pikel is almost dead.
Pikel hits you but does no damage.
You barely miss Pikel.
Pikel is almost dead.
Pikel zaps a wand.
You suddenly lose the ability to move!
Pikel hits you but does no damage.
You can move again.
You slash Pikel!
Pikel is almost dead.
Pikel zaps a wand.
You shrug off the repeated paralysis!
The now-empty wand crumbles to dust.
Pikel hits you with a +1 whip of electrocution.
* * * LOW HITPOINT WARNING * * *
You are electrocuted!
You die...

#..........# #........$.#
.. #..........# ...
######..........#######...
#.......######...#......##
#.......#........#........
#.......#........#........
#......5K........'........
#.......#@.......#........
#.......#..###..##..###..#
#########..# #+###..###..#
.... #...K....+ .....
#....5...# ##...##
#........# #...##
##..##.5.# .!..##.
#####...# #..##..##5..#


You could see Pikel and a lemure.

Vanquished Creatures
  Grinder (D:3)
  An adder (D:2)
  A bat (D:2)
  3 endoplasms
  A hobgoblin (D:3)
  A ball python (D:3)
  4 kobolds
12 creatures vanquished.

Notes
Turn   | Place    | Note
-------+----------+-------------------------------------------
     0 | D:1      | HillOrc the Hill Orc Fighter began the quest for the Orb.
     0 | D:1      | Reached XP level 1. HP: 19/19 MP: 1/1
   258 | D:2      | Reached XP level 2. HP: 14/27 MP: 2/2
   399 | D:3      | Noticed Grinder
   424 | D:3      | Killed Grinder
   425 | D:3      | Reached skill level 5 in Fighting
   425 | D:3      | Reached skill level 5 in Armour
   425 | D:3      | Reached XP level 3. HP: 16/36 MP: 3/3
   425 | D:3      | Reached XP level 4. HP: 19/42 MP: 4/4
   425 | D:3      | Reached XP level 5. HP: 22/48 MP: 5/5
   425 | D:3      | Reached XP level 6. HP: 25/56 MP: 6/6
   558 | D:4      | Noticed a black bear
   562 | D:5      | Entered Level 5 of the Dungeon
   562 | D:5      | Noticed Pikel
   599 | D:5      | Paralysed by Pikel for 5 turns
   608 | D:5      | Paralysed by Pikel for 4 turns
   620 | D:5      | Paralysed by Pikel for 2 turns
   622 | D:5      | Slain by Pikel

Illustrated notes

Levels and vault maps discovered:
D:1:      dpeg_arrival_circle_labyrinth_c, layout_basic, serial_forest,
          infiniplex_forest_straight_5, infiniplex_forest_clump_long,
          infiniplex_forest_lined_corner, infiniplex_forest_end_2,
          infiniplex_forest_end_double, infiniplex_forest_clump_double,
          infiniplex_forest_corner_1, infiniplex_forest_lined_3,
          infiniplex_forest_clump_medium, infiniplex_forest_straight_5,
          basic_ecumenical_altar
D:2:      layout_basic
D:3:      layout_loops_ring, uniq_grinder
D:4:      layout_loops_ring, eat_drink_and_be_merry_uskayaw,
          mainiacjoe_overflow_swirl, serial_glass, glass_columns_a,
          glass_columns_b, glass_columns_c, glass_columns_a, glass_columns_a,
          glass_columns_b
D:5:      layout_gridville, nicolae_ru_sacrificial_ziggurat,
          mainiacjoe_overflow_surrounded_room, ebering_ghost_inner_flame,
          nicolae_ossuary_entry_false_entrances, serial_shops,
          nicolae_shop_bloodbath_and_beyond, uniq_pikel

Skill      XL: |  1  2 |
---------------+-------+-----
Fighting       | 4 5 |  5.5
Axes           | 3 4 |  4.8
Armour         | 5 |  5.0
Shields        | |  3.2

Action                     |  1- 3 |  4- 6 || total
---------------------------+-------+-------++-------
  Melee: War axe           |    26 |    14 ||    40
    Use: Potion            |     1 |     1 ||     2
 Armour: Chain mail        |    22 |     9 ||    31
  Dodge: Dodged            |    18 |     7 ||    25
  Block: Buckler           |     9 |     2 ||    11
